 Dungeon Crawl Stone Soup version 0.29.1-2-gbd0b4ee654 (webtiles) character file.

Game seed: 15068578017947193922

268 croobank the Conjurer (level 6, -21/43 HPs)
             Began as a Demonspawn Conjurer on Nov 29, 2022.
             Was an Initiate of Gozag.
             Demolished by an ogre
             ... wielding a +0 giant club
              (33 damage)
             ... on level 4 of the Dungeon.
             The game lasted 00:19:13 (6125 turns).

croobank the Conjurer (Demonspawn Conjurer)         Turns: 6125, Time: 00:19:14

Health: -21/43     AC:  6    Str:  7    XL:     6   Next: 0%
Magic:  1/10       EV: 12    Int: 21    God:    Gozag
Gold:   115        SH:  4    Dex: 12    Spells: 5/11 levels left

rFire   . . .      SeeInvis .   g - +0 hand axe (freeze)
rCold   . . .      Faith    .   (no shield)
rNeg    . . .      Spirit   .   a - +0 robe
rPois   .          Reflect  .   u - +0 helmet
rElec   .          Harm     .   (no cloak)
rCorr   .          Rampage  .   c - +0 pair of gloves
Will    .....                   (no boots)
Stlth   ++........              (no amulet)
HPRegen 0.14/turn               (no ring)
MPRegen 0.12/turn               (no ring)

@: no status effects
A: icy blue scales 1, condensation shield, weakness stinger 1
a: Renounce Religion, Potion Petition, Call Merchant, Bribe Branch


You were on level 4 of the Dungeon.
You worshipped Gozag.
Gozag was aware of your devotion.
You visited 2 branches of the dungeon, and saw 6 of its levels.
You also visited: Ossuary.

You collected 136 gold pieces.
You paid 21 gold pieces to Gozag.

Inventory:

Hand Weapons
 b - a +0 dagger
 g - a +0 hand axe of freezing (weapon)
 p - a +0 war axe
Missiles
 s - 5 javelins
Armour
 a - a +0 robe (worn)
 c - a +0 pair of gloves (worn)
 u - a +0 helmet (worn)
Magical Staves
 f - a staff of air
Jewellery
 r - a ring of poison resistance
Wands
 t - a wand of charming (8)
Scrolls
 i - a scroll of teleportation
 j - a scroll of magic mapping {unknown}
Potions
 e - a potion of cancellation
 h - a potion of berserk rage {unknown}
 k - a potion of degeneration {unknown}
 l - 2 potions of ambrosia {unknown}
 m - a potion of attraction
 n - a potion of flight {unknown}
 o - a potion of heal wounds {unknown}
 q - a potion of haste {unknown}


   Skills:
 + Level 1.4 Fighting
 + Level 3.0 Dodging
 + Level 3.2 Stealth
 + Level 3.1 Spellcasting
 + Level 4.7 Conjurations
 + Level 1.5 Hexes


You had 5 spell levels left.
You knew the following spells:

 Your Spells              Type           Power      Damage    Failure   Level
a - Magic Dart            Conj           92%        1d7       1%          1
b - Searing Ray           Conj           46%        2d6       2%          2
c - Dazzling Flash        Conj/Hex       32%        N/A       11%         3

Your spell library contained the following spells:

 Spells                   Type           Power      Damage    Failure   Level
 Sandblast                Erth           6%         2d5       13%         1
 Stone Arrow              Conj/Erth      26%        3d8       14%         3
 Passwall                 Tmut/Erth      2%         N/A       21%         2
 Fulminant Prism          Conj/Hex       8%         3d7       34%         4
 Iskenderun's Mystic Bla  Conj/Tloc      13%        2d5       43%         4


Dungeon Overview and Level Annotations

Branches:
Dungeon (5/15)             Temple (1/1) D:4         Ossuary (visited)

Altars:
Ashenzari
Cheibriados
Dithmenos
Gozag
Kikubaaqudgha
Makhleb
Nemelex Xobeh
Okawaru
Qazlal
Sif Muna
Uskayaw
Vehumet
Wu Jian
Xom
Yredelemnul


Innate Abilities, Weirdness & Mutations

You are partially covered in icy blue scales. (AC +2)
A meltable shield of frost defends you. (SH +4)
You have a small tail.


Message History

You hit the ogre. You freeze the ogre.
The ogre is moderately wounded.
The ogre is no longer blind.
The ogre barely misses you.
Casting: Dazzling Flash (dangerous; 11% risk of failure)
Confirm with . or Enter, or press ? or * to list all spells.
Aiming: Searing Ray (safe; 2% risk of failure)
Press: ? - help, Shift-Dir - straight line, f - ogre
Aim: an ogre, wielding a +0 giant club (moderately wounded, 89% to hit)
The searing ray hits the ogre.
The ogre is heavily wounded. (Press . to maintain the ray.)
The ogre hits you with a +0 giant club!!
Ouch! That really hurt!
The searing ray hits the ogre.
The ogre is heavily wounded.
The searing ray hits the ogre.
The ogre is severely wounded.
The ogre hits you with a +0 giant club!
* * * LOW HITPOINT WARNING * * *
The searing ray hits the ogre.
The ogre is almost dead.
You finish channelling your searing ray.
The ogre barely misses you.
Casting: Searing Ray (safe; 2% risk of failure)
Confirm with . or Enter, or press ? or * to list all spells.
Okay, then.
Okay, then.
Okay, then.
You feel better.
Casting: Searing Ray (safe; 2% risk of failure)
Confirm with . or Enter, or press ? or * to list all spells.
Aiming: Searing Ray (safe; 2% risk of failure)
Press: ? - help, Shift-Dir - straight line, f/p - ogre
Aim: an ogre, wielding a +0 giant club (almost dead, 89% to hit)
The searing ray misses the ogre. (Press . to maintain the ray.)
The ogre hits you with a +0 giant club!!
Ouch! That really hurt!
You die...
Your body crumbles into a pile of gold.

####.# #..#
.###.##### #..####
.........###.....###
.#####.............#
.# #.#.###.###.#.#
.# #.#.# #.# #.#>#
.## #.#.###.###.#.#
..####.#.........#.#
.........###....@#.#
#.####.### ####O.#.#
#.## #.#####.....#.#
...###.............#
......######.##.####
...##.# #.##.#
#.###.# #.##.#
#.###.# ####.##.#
...)..###.......#


You could see an ogre.

Vanquished Creatures
  A hound (D:4)
  An orc priest (D:2)
  2 iguanas (D:4)
  4 adders
  A white imp (D:4)
  2 dart slugs
  3 orcs
  8 ball pythons
  5 endoplasms
  3 giant cockroaches
  8 goblins
  10 hobgoblins
  15 jackals
  8 kobolds
  2 quokkas
  5 bats
  4 frilled lizards
  A goblin zombie (D:4)
  6 hobgoblin zombies (Ossuary)
  A jackal zombie (Ossuary)
  6 kobold zombies (Ossuary)
  8 orc zombies (Ossuary)
  6 rats
  2 rat zombies
112 creatures vanquished.

Notes
Turn   | Place    | Note
-------+----------+-------------------------------------------
     0 | D:1      | croobank the Demonspawn Conjurer began the quest for the
                  | Orb.
     0 | D:1      | Reached XP level 1. HP: 13/13 MP: 3/3
   577 | D:1      | Gained mutation: You are partially covered in icy blue
                  | scales. (AC +2) [demonic ancestry]
   577 | D:1      | Reached XP level 2. HP: 19/19 MP: 3/5
   621 | D:1      | Learned a level 2 spell: Searing Ray
  1037 | D:1      | Found a faded altar of an unknown god.
  1246 | D:1      | Gained mutation: A meltable shield of frost defends you.
                  | (SH +4) [demonic ancestry]
  1246 | D:1      | Reached XP level 3. HP: 24/24 MP: 6/6
  1250 | D:1      | Learned a level 3 spell: Dazzling Flash
  2470 | D:2      | Reached XP level 4. HP: 30/30 MP: 3/7
  3382 | D:3      | Found a shimmering altar of Xom.
  3560 | D:3      | Gained mutation: You have a small tail. [demonic ancestry]
  3560 | D:3      | Reached XP level 5. HP: 35/36 MP: 6/9
  4170 | D:4      | Found a sand-covered staircase.
  4203 | Ossuary  | Entered an ossuary
  4386 | Ossuary  | Reached skill level 1 in Hexes
  5013 | D:4      | Reached skill level 1 in Fighting
  5272 | D:4      | Found a staircase to the Ecumenical Temple.
  5290 | Temple   | Entered the Ecumenical Temple
  5297 | Temple   | Became a worshipper of Gozag Ym Sagoz the Greedy
  5809 | D:4      | Reached XP level 6. HP: 43/43 MP: 3/10
  6111 | D:5      | Entered Level 5 of the Dungeon
  6125 | D:4      | Demolished by an ogre

Illustrated notes

Levels and vault maps discovered:
D:1:      giann_horns, layout_loops_ring, shapermc_ecumenical_altar_venn,
          minmay_misc_feat_doors
D:2:      layout_basic
D:3:      layout_rooms, xom_butterflies
D:4:      layout_loops_ring, minmay_temple_entry_arrows, enter_ossuary_4
D:5:      layout_rooms, chequers_temple_overflow_statue_of_worship
Temple:   nicolae_temple_bog_church

Skill      XL: |  1  2  3  4  5 |
---------------+----------------+-----
Stealth        | 2 3 |  3.2
Dodging        | 2 3 |  3.0
Hexes          | 1 |  1.5
Fighting       | 1 |  1.4
Spellcasting   | 3 |  3.1
Conjurations   | |  4.7

Action                   |  1- 3 |  4- 6 || total
-------------------------+-------+-------++-------
Melee: Unarmed           |    15 |       ||    15
       Dagger            |    50 |    81 ||   131
       Punch             |     1 |     2 ||     3
       Hand axe          |       |    22 ||    22
       Tailslap          |       |    15 ||    15
 Cast: Magic Dart        |    49 |    34 ||    83
       Searing Ray       |    21 |    31 ||    52
       Dazzling Flash    |       |     1 ||     1
  Use: Potion            |     1 |     3 ||     4
       Scroll            |     1 |     7 ||     8
 Stab: Sleeping          |     2 |     4 ||     6
       Invisible         |       |     1 ||     1
Armor: Robe              |    24 |    56 ||    80
Dodge: Dodged            |    50 |    92 ||   142
Block: Other             |    11 |    25 ||    36
